 Dungeon Sprint DCSS version 0.22.1-1-ga44c0e56f4 (webtiles) character file.

429 MuseOD the Covert (level 6, -2/35 HPs)
             Began as a Spriggan Enchanter on Sept 22, 2018.
             Slain by a crocodile (20 damage)
             ... in the Dungeon (Sprint II: "The Violet Keep of Menkaure").
             The game lasted 00:02:17 (176 turns).

MuseOD the Covert (Spriggan Enchanter)               Turns: 176, Time: 00:02:18

Health: -2/35      AC:  2    Str:  4    XL:     6   Next: 66%
Magic:  0/13       EV: 18    Int: 18    God:
Gold:   354        SH:  0    Dex: 17    Spells: 7/13 levels left

rFire    . . .     SeeInvis +   a - +1 dagger
rCold    . . .     Gourm    .   (shield restricted)
rNeg     . . .     Faith    .   b - +0 robe
rPois    .         Spirit   .   (helmet restricted)
rElec    .         Reflect  .   (no cloak)
rCorr    .         Harm     .   (gloves unavailable)
MR       +....     NoTele   +   (boots unavailable)
Stlth    +++++.....             (no amulet)
HPRegen  0.11/turn              (no ring)
MPRegen  0.13/turn              (no ring)

@: very quick
A: very small, unfitting armour, see invisible, herbivore, speed 3, slow
metabolism 2
a: no special abilities


You were in the Dungeon.
You were not hungry.

You visited 1 branch You collected 486 gold pieces.
You spent 132 gold pieces at shops.

Inventory:

Hand Weapons
 a - a +1 dagger (weapon)
Armour
 b - a +0 robe (worn)
Scrolls
 j - a scroll of blinking
Potions
 c - 2 potions of curing
 e - a potion of heal wounds
 h - 2 potions of magic
Comestibles
 d - a ration


   Skills:
 - Level 5.4 Fighting
 - Level 10.3 Short Blades
 - Level 3.0 Dodging
 + Level 12.0 Stealth
 + Level 4.4 Spellcasting
 + Level 5.1 Hexes


You had 7 spell levels left.
You knew the following spells:

 Your Spells              Type           Power        Failure   Level  Hunger
a - Corona                Hex            ###....      1%          1    None
b - Ensorcelled Hibernat  Hex/Ice        ##....       8%          2    #......
c - Confuse               Hex            ###.....     4%          3    ###....

Your spell library contained the following spells:

 Spells                   Type           Power        Failure   Level  Hunger
 Tukima's Dance           Hex            ###.....     4%          3    ###....
 Dazzling Spray           Conj/Hex       ##....       14%         3    ###....


Dungeon Overview and Level Annotations

Branches:
Dungeon (1/1)

Altars:

Shops:
D =:}?%=!((![}==[:

Annotations:
D exclusion: oklob plant, Menkaure


Innate Abilities, Weirdness & Mutations

You are very small and have problems with some larger weapons.
You are too small for most types of armour.
You have supernaturally acute eyesight. (SInv)
You are a herbivore.
You cover ground extremely quickly.
You need to consume almost no food.


Message History

Menkaure closely misses the crocodile.
Casting: Confuse (safe; 4% risk of failure)
Confirm with . or Enter, or press ? or * to list all spells.
Aiming: Ensorcelled Hibernation (safe; 8% risk of failure)
Press: ? - help, Shift-Dir - straight line, f - crocodile, p - Menkaure
Aim: a crocodile (chance to defeat MR: 44%)
The crocodile looks drowsy...
Your unstable footing causes you to fumble your attack.
The crocodile completely misses you.
You hit the crocodile but do no damage.
Really walk into a travel-excluded area? [Y]es or [N]o only, please.
Really walk into a travel-excluded area?
Uppercase [Y]es or [N]o only, please.
Really walk into a travel-excluded area? [Y]es or [N]o only, please.
Really walk into a travel-excluded area?
The crocodile bites you!!
Ouch! That really hurt!
You die...

############≈≈#+++#
###########≈≈≈....
##∩.∩.....#≈≈≈≈.#
##.∩.∩....#≈≈≈≈#
##..∩.∩...#M≈≈≈#
##...∩.∩..#≈≈### ### #
##....∩.⌠.#≈##†###+###.##..
##...∩.∩..#t##†.##.##†..#..
##..∩.∩...@≈+.##'.<††##.+..
##.∩.∩....#≈##..##.##...#..
#▓▓▓▓▓▓▓###≈##.###+###.## .
##[HH######≈≈### H#. ###
#?.G#Y ##≈≈≈ .# #H #∩P$+)
+#≈## ## #(?$ ( ≈≈# #(? ≈≈


You could see a great orb of eyes, an oklob plant, 2 hippogriffs, a crocodile
and Menkaure (confused).

Vanquished Creatures
  4 necrophages (D)
  4 worker ants (D)
8 creatures vanquished.

Notes
Turn   | Place    | Note
-------+----------+-------------------------------------------
     0 | D        | MuseOD the Spriggan Enchanter began the quest for the Orb.
     0 | D        | Reached XP level 1. HP: 9/9 MP: 5/5
     1 | D        | Noticed a necrophage
     1 | D        | Noticed a necrophage
     1 | D        | Noticed a necrophage
     1 | D        | Noticed a necrophage
     7 | D        | Killed a necrophage
     7 | D        | Reached skill level 7 in Stealth
     7 | D        | Reached XP level 2. HP: 16/16 MP: 6/6
     7 | D        | Reached XP level 3. HP: 20/20 MP: 8/8
     7 | D        | Reached XP level 4. HP: 24/24 MP: 9/9
    20 | D        | Killed a necrophage
    20 | D        | Reached skill level 9 in Stealth
    20 | D        | Reached XP level 5. HP: 29/29 MP: 10/10
    68 | D        | Killed a necrophage
    68 | D        | Reached skill level 10 in Stealth
   100 | D        | Killed a necrophage
   100 | D        | Reached skill level 5 in Fighting
   100 | D        | Reached skill level 10 in Short Blades
   100 | D        | Reached skill level 11 in Stealth
   100 | D        | Reached XP level 6. HP: 18/35 MP: 11/11
   104 | D        | Learned a level 2 spell: Ensorcelled Hibernation
   108 | D        | Learned a level 3 spell: Confuse
   120 | D        | Noticed a hippogriff
   120 | D        | Noticed a hippogriff
   138 | D        | Reached skill level 12 in Stealth
   138 | D        | Reached skill level 5 in Hexes
   142 | D        | Found Cerir's Book Shop.
   142 | D        | Found Dyfey's Jewellery Boutique.
   142 | D        | Found Kala's Antique Armour Boutique.
   142 | D        | Found Juurur's Gadget Shop.
   143 | D        | Found Tibb's Antique Armour Shop.
   143 | D        | Found Dekkex's Distillery.
   143 | D        | Found Bocoanti's Antique Weapon Shop.
   143 | D        | Found Oshuxucy's Weapon Boutique.
   144 | D        | Found Boyhiupu's Jewellery Boutique.
   144 | D        | Found Far Cysyg's Food Shop.
   146 | D        | Found Otodwuri's Jewellery Shop.
   146 | D        | Found Votanu Idio's Distillery.
   146 | D        | Noticed a hippogriff
   147 | D        | Found Ucruumow's Magic Scroll Boutique.
   147 | D        | Found Boziuxel's Gadget Shop.
   147 | D        | Noticed Menkaure
   147 | D        | Noticed a hippogriff
   147 | D        | Noticed a hippogriff
   147 | D        | Noticed an oklob plant
   148 | D        | Found Sauc's Book Shoppe.
   148 | D        | Found Dorham's Jewellery Boutique.
   150 | D        | Noticed a great orb of eyes
   155 | D        | Noticed a death yak
   156 | D        | Bought a potion of curing for 36 gold pieces
   156 | D        | Bought a potion of heal wounds for 60 gold pieces
   156 | D        | Bought a potion of curing for 36 gold pieces
   176 | D        | Slain by a crocodile

Skill      XL: |  1  2  3  4  5  6 |
---------------+-------------------+-----
Fighting       | 3 4 5 |  5.4
Short Blades   | 6 8 10 | 10.3
Stealth        | 7 9 11 12 | 12.0
Spellcasting   | 4 |  4.4
Hexes          | 5 |  5.1
Dodging        | |  3.0

Action                   |  1- 3 |  4- 6 || total
-------------------------+-------+-------++-------
Melee: Dagger            |     5 |    76 ||    81
 Cast: Ensorcelled Hiber |       |     5 ||     5
       Confuse           |       |     1 ||     1
  Use: Potion            |     1 |     3 ||     4
 Stab: Sleeping          |       |     4 ||     4
Armor: Robe              |       |     2 ||     2
Dodge: Dodged            |     2 |    35 ||    37
